 Dungeon Crawl Stone Soup version 0.29.1-2-gbd0b4ee654 (webtiles) character file.

Game seed: 13191483447300518251

3301 Hadkhar the Thaumaturge (level 10, -1/73 HPs)
             Began as a Djinni Ice Elementalist on Oct 25, 2022.
             Was an Initiate of Makhleb.
             Slain by a wyvern (11 damage)
             ... on level 8 of the Dungeon on Oct 26, 2022.
             The game lasted 00:49:14 (10136 turns).

Hadkhar the Thaumaturge (Djinni Ice Elementalist)  Turns: 10136, Time: 00:49:14

Health: -1/73      AC: 18    Str:  7    XL:     10   Next: 20%
Gold:   369        EV: 16    Int: 22    God:    Makhleb [......] SH:  5 Dex: 13

rFire   + + .      SeeInvis .   G - +2 quarterstaff (chaos)
rCold   . . .      Faith    .   (shield currently unavailable)
rNeg    . . .      Spirit   .   H - +0 steam dragon scales
rPois   ∞          Reflect  +   d - +0 helmet
rElec   .          Harm     .   r - +2 cloak {Will+}
rCorr   .          Rampage  .   s - +0 pair of gloves
Will    ++...                   (boots unavailable)
Stlth   +++.......              a - amulet of reflection
HPRegen 0.22/turn               g - +4 ring of evasion
MPRegen 0.00/turn               w - ring of protection from cold

@: ice-armoured, flying
A: sickness immunity, fire resistance 2, cold vulnerability 1, float, innate
caster, HP casting, extra vitality 1
a: Renounce Religion


You were on level 8 of the Dungeon.
You worshipped Makhleb.
Makhleb was noncommittal.
You visited 2 branches of the dungeon, and saw 9 of its levels.

You collected 369 gold pieces.

Inventory:

Hand Weapons
 n - a +0 vorpal sling
 z - the +7 short sword "Vaodeyschak" {pain, rF+}
   (You found it on level 4 of the Dungeon)

   In the hands of one skilled in necromantic magic, it inflicts extra damage on
   living creatures.
   Your inability to study Necromancy prevents you from drawing on the full
   power of this weapon.
   rF:        It protects you from fire.
 G - a +2 quarterstaff of chaos (weapon)
Missiles
 F - a throwing net
Armour
 c - a +0 kite shield
 d - a +0 helmet (worn)
 r - a +2 cloak of willpower (worn)
 s - a +0 pair of gloves (worn)
 B - a +1 robe of cold resistance
 H - +0 steam dragon scales (worn)
Jewellery
 a - an amulet of reflection (around neck)
 e - an amulet of the acrobat
 g - a +4 ring of evasion (left hand)
 w - a ring of protection from cold (right hand)
 x - a ring of positive energy
Wands
 q - a wand of acid (9)
 y - a wand of charming (7)
 J - a wand of roots (10)
Scrolls
 b - a scroll of poison
 f - 2 scrolls of amnesia {unknown}
 h - 4 scrolls of silence
 j - 2 scrolls of vulnerability {unknown}
 k - 2 scrolls of teleportation {unknown}
 u - a scroll of enchant weapon {unknown}
 E - a scroll of magic mapping {unknown}
 I - a scroll of butterflies {unknown}
Potions
 i - a potion of cancellation
 l - 2 potions of might
 m - 5 potions of curing
 o - 2 potions of brilliance
 p - a potion of lignification {unknown}
 t - a potion of resistance {unknown}
 v - a potion of haste {unknown}
 A - a potion of attraction {unknown}
 C - 3 potions of mutation {unknown}
 D - a potion of berserk rage {unknown}


   Skills:
 + Level 6.7 Fighting
 - Level 2.1 Dodging
 + Level 6.4 Stealth
 * Level 8.3 Spellcasting


You had 4 spell levels left.
You knew the following spells:

 Your Spells              Type           Power      Damage    Failure   Level
a - Freeze                Ice            100%       1d11      1%          1
b - Frozen Ramparts       Ice            90%        1d14      1%          3
c - Ozocubu's Armour      Ice            45%        N/A       1%          3
d - Hailstorm             Conj/Ice       45%        3d10      2%          4
e - Foxfire               Conj/Fire      100%       2x1d9     1%          1
f - Blink                 Tloc           90%        N/A       1%          2
g - Tukima's Dance        Hex            45%        N/A       1%          3
h - Animate Armour        Summ/Erth      90%        N/A       2%          4
Your spell library was empty.

Dungeon Overview and Level Annotations

Branches:
Dungeon (8/15)             Temple (1/1) D:7
   Lair: D:8-11

Altars:
Ashenzari
Cheibriados
Dithmenos
Elyvilon
Fedhas
Gozag
Hepliaklqana
Makhleb
Nemelex Xobeh
Okawaru
Ru
Trog
Uskayaw
Wu Jian
Xom
Zin
The Shining One

Shops:
D:3 =


Innate Abilities, Weirdness & Mutations

You are immune to sickness and miasma.
You are immune to poison.
Your flesh is very heat resistant. (rF++)
You are vulnerable to cold. (rC-)
You float through the air rather than walking.
You learn spells naturally, not from books.
Your magical power is your life essence.
You have superior vitality. (+4 MHP)


Message History

The wyvern completely misses you. The wyvern barely misses you.
You completely miss the wyvern.
The wyvern is moderately wounded.
You block the wyvern's attack. The wyvern bites you!
You barely miss the wyvern.
The wyvern is lightly wounded.
The wyvern bites you! The wyvern completely misses you.
You barely miss the wyvern.
The wyvern is lightly wounded.
You block the wyvern's attack. The wyvern bites you!
You closely miss the wyvern.
The wyvern is lightly wounded.
You block the wyvern's attack. x2
You hit the wyvern.
The wyvern seems to grow stronger.
The wyvern is heavily wounded.
The wyvern bites you!!
* * * LOW HITPOINT WARNING * * *
The wyvern closely misses you. The wyvern attacks as you move away!
The wyvern bites you!
* * * LOW HITPOINT WARNING * * *
The wyvern closely misses you.
There is an open door here.
Aiming: Charm
Press: ? - help, Q - select action, (/) - cycle Shift-Dir - straight line, f - wyvern
Aim: a wyvern (heavily wounded, strong, chance to affect: 49%)
Okay, then.
Casting: Foxfire (safe; 1% risk of failure)
Confirm with . or Enter, or press ? or * to list all spells.
A film of ice covers your body!
* * * LOW HITPOINT WARNING * * *
You block the wyvern's attack.
Unknown command.
Casting: Ozocubu's Armour (safe; 1% risk of failure)
Confirm with . or Enter, or press ? or * to list all spells.
Aiming: Freeze (safe; 1% risk of failure)
Press: ? - help, Shift-Dir - straight line, f - wyvern
Aim: a wyvern (heavily wounded, strong)
Okay, then.
You feel better. The wyvern bites you!
You die...

.##..##..#..#..##
...........#....#
.........<.#....#
#........#...##
#+#####...###..#
♣.♣♣ ##...# ####
... #...)#
#.♣#....#
#.l@....#
#.♣###### ...
♣.♣♣ #+


You could see a wyvern (strong).

Vanquished Creatures
  A kobold demonologist (D:7)
  A hornet (D:6)
  2 vampire mosquitoes (D:7)
  An orc warrior (D:4)
  2 black bears
  An ice beast (D:5)
  2 centaurs
  A phantom (D:4)
  A bullfrog (D:7)
  A necrophage (D:5)
  A gnoll sergeant (D:7)
  7 scorpions
  8 killer bees
  3 hounds
  An orc priest (D:5)
  3 jellies (D:6)
  A gnoll bouda (D:5)
  Crazy Yiuf (D:6)
  5 iguanas
  5 orc wizards
  12 gnolls
  4 adders
  A white imp (D:6)
  3 ufetubi
  A worm (D:2)
  2 dart slugs
  14 orcs
  5 bats
  5 endoplasms
  3 giant cockroaches
  9 goblins
  9 hobgoblins
  3 jackals (D:5)
  10 kobolds
  4 quokkas
  6 ball pythons
  3 frilled lizards
  6 rats
148 creatures vanquished.

Vanquished Creatures (collateral kills)
  Maggie (D:6)
  A goblin (D:4)
2 creatures vanquished.

Vanquished Creatures (others)
  An orc wizard (D:4)
  214 foxfires
  3 fungi (D:6)
218 creatures vanquished.

Grand Total: 368 creatures vanquished

Notes
Turn   | Place    | Note
-------+----------+-------------------------------------------
     0 | D:1      | Hadkhar the Djinni Ice Elementalist began the quest for the
                  | Orb.
     0 | D:1      | Hadkhar set off with the following spells memorised:
                  | Freeze, Frozen Ramparts, Ozocubu's Armour, Hailstorm.
     0 | D:1      | Reached XP level 1. HP: 15/15 MP: 0/0
   194 | D:1      | Reached XP level 2. HP: 17/22 MP: 0/0
  1231 | D:1      | Reached XP level 3. HP: 23/26 MP: 0/0
  1231 | D:1      | Learned a level 1 spell: Foxfire
  1348 | D:1      | Reached skill level 1 in Fighting
  2482 | D:2      | Reached XP level 4. HP: 31/32 MP: 0/0
  3374 | D:3      | Reached skill level 4 in Spellcasting
  3374 | D:3      | Reached XP level 5. HP: 36/38 MP: 0/0
  3374 | D:3      | Learned a level 2 spell: Blink
  3418 | D:3      | Found a faded altar of an unknown god.
  4093 | D:3      | Found Esia's One-of-a-Kind Rings.
  4179 | D:4      | Noticed a phantom
  4192 | D:4      | Killed a phantom
  4193 | D:4      | Reached XP level 6. HP: 32/44 MP: 0/0
  4482 | D:4      | Identified the +7 short sword "Vaodeyschak" {pain, rF+}
  4855 | D:4      | Noticed an orc warrior
  5177 | D:4      | Killed an orc warrior
  5178 | D:4      | Reached XP level 7. HP: 3/50 MP: 0/0
  5178 | D:4      | Learned a level 3 spell: Tukima's Dance
  5831 | D:4      | Reached skill level 5 in Spellcasting
  6056 | D:5      | Entered Level 5 of the Dungeon
  6727 | D:5      | Reached XP level 8. HP: 58/58 MP: 0/0
  6766 | D:5      | Found a white marble altar of Elyvilon.
  6766 | D:5      | Found a glowing golden altar of the Shining One.
  6766 | D:5      | Found a glowing silver altar of Zin.
  7226 | D:5      | Reached skill level 6 in Spellcasting
  7672 | D:6      | Reached skill level 5 in Fighting
  7672 | D:6      | Reached XP level 9. HP: 37/65 MP: 0/0
  7672 | D:6      | Learned a level 4 spell: Animate Armour
  7907 | D:6      | Found a runed translucent door.
  7908 | D:6      | Noticed Crazy Yiuf
  7928 | D:6      | Killed Crazy Yiuf
  8080 | D:6      | Reached skill level 5 in Stealth
  8166 | D:6      | Noticed Maggie
  8175 | D:6      | Killed Maggie
  8176 | D:6      | Reached skill level 7 in Spellcasting
  8644 | D:7      | Noticed a hornet
  8667 | D:6      | Killed a hornet
  9240 | D:7      | HP: 1/66 [vampire mosquito (9)]
  9253 | D:7      | Reached XP level 10. HP: 32/72 MP: 0/0
  9460 | D:7      | Reached skill level 8 in Spellcasting
  9634 | D:7      | Noticed a kobold demonologist
  9640 | D:7      | Noticed an ice devil
  9644 | D:7      | Noticed a soul eater
  9648 | D:7      | Noticed a sixfirhy
  9648 | D:7      | Killed a kobold demonologist
  9889 | D:7      | Found a staircase to the Ecumenical Temple.
  9898 | Temple   | Entered the Ecumenical Temple
  9991 | Temple   | Became a worshipper of Makhleb the Destroyer
 10136 | D:8      | Slain by a wyvern

Illustrated notes

Levels and vault maps discovered:
D:1:      dpeg_arrival_renting, layout_basic
D:2:      layout_rooms, kennysheep_decorative_pillar, minivault_24,
          chequers_serial_rivers_large_b
D:3:      layout_basic, shapermc_ecumenical_altar_pompeii,
          nicolae_shop_unique_rings, minmay_misc_feat_diagonals,
          minmay_misc_feat_pillars
D:4:      cheibrodos_quashed, layout_gridville, grunt_ministairs_6
D:5:      layout_rooms, good_gods_mini_temple
D:6:      layout_rooms, uniq_maggie, uniq_crazy_yiuf_cottage
D:7:      layout_cave_pools, minmay_temple_entry_poolview, serial_glass,
          glass_columns_a, glass_columns_a, glass_columns_a, glass_columns_a,
          glass_columns_a, glass_columns_c
D:8:      cheibrodos_barr_body, layout_gridville, hangedman_decor_growths,
          kennysheep_generic_room_11
Temple:   lightli_temple_of_artemis

Skill      XL: |  1  2  3  4  5  6  7  8  9 10 |
---------------+-------------------------------+-----
Fighting       | 1 2 3 5 6 |  6.7
Stealth        | 2 3 4 6 |  6.4
Spellcasting   | 4 5 6 7 8 |  8.3
Dodging        | |  2.1

Action                   |  1- 3 |  4- 6 |  7- 9 | 10-12 || total
-------------------------+-------+-------+-------+-------++-------
Melee: Unarmed           |     1 |       |       |       ||     1
       Club              |    71 |    10 |       |       ||    81
       Punch             |     1 |     1 |     2 |       ||     4
       Short sword       |       |    18 |    82 |       ||   100
       Quarterstaff      |       |       |    39 |    22 ||    61
 Fire: Sling             |       |    23 |       |       ||    23
 Cast: Freeze            |    14 |    19 |    10 |       ||    43
       Foxfire           |    14 |    29 |    61 |    20 ||   124
       Frozen Ramparts   |       |     3 |    11 |     2 ||    16
       Blink             |       |     3 |     3 |       ||     6
       Ozocubu's Armour  |       |     2 |     5 |     3 ||    10
       Tukima's Dance    |       |       |     5 |       ||     5
       Hailstorm         |       |       |     1 |       ||     1
       Animate Armour    |       |       |     1 |       ||     1
  Use: Scroll            |       |     6 |     2 |       ||     8
       Potion            |       |       |     3 |     1 ||     4
 Stab: Sleeping          |     2 |       |     4 |     1 ||     7
Armor: Robe              |    17 |     8 |    21 |       ||    46
       Steam dragon scal |       |       |    23 |     5 ||    28
Dodge: Dodged            |    71 |    40 |   178 |    18 ||   307
Block: Other             |       |       |    42 |     7 ||    49
